 Dungeon Crawl Stone Soup version 0.27-a0-1434-g6f15984924 (webtiles) character file.

Game seed: 6597243674396298890

44 Brandom the Insei (level 3, -3/24 HPs)
             Began as an Octopode Transmuter on July 2, 2021.
             Was a Follower of Uskayaw.
             Slain by a phantom (4 damage)
             ... on level 2 of the Dungeon.
             The game lasted 00:05:05 (1954 turns).

Brandom the Insei (Octopode Transmuter)             Turns: 1954, Time: 00:05:05

Health: -3/24      AC:  1    Str:  9    XL:     3   Next: 60%
Magic:  1/6        EV: 13    Int: 16    God:    Uskayaw [*.....]
Gold:   45         SH:  0    Dex: 12    Spells: 2/6 levels left

rFire    . . .     SeeInvis .     - Unarmed
rCold    . . .     Faith    .   (no shield)
rNeg     . . .     Spirit   .   (helmet restricted)
rPois    .         Reflect  .   (no amulet)
rElec    .         Harm     .   d - ring of resist corrosion
rCorr    +         Rampage  .   (no ring)
Will     .....                  (no ring)
Stlth    ++........             (no ring)
HPRegen  0.08/turn              (no ring)
MPRegen  0.10/turn              (no ring)
                                (no ring)
                                (no ring)

@: no status effects
A: almost no armour, amphibious, 8 rings, camouflage 1, gelatinous body 1,
(nimble swimmer 1), tentacles
a: Renounce Religion, Stomp


You were on level 2 of the Dungeon.
You worshipped Uskayaw.
Uskayaw was noncommittal.
You visited 1 branch of the dungeon, and saw 2 of its levels.

You collected 45 gold pieces.

Inventory:

Missiles
 g - 6 javelins
Jewellery
 d - a ring of resist corrosion (left tentacle)
   (You found it on level 1 of the Dungeon)
Scrolls
 a - a scroll of acquirement {unknown}
 b - a scroll of vulnerability {unknown}
 c - a scroll of identify {unknown}
 h - a scroll of enchant armour {unknown}
Potions
 e - a potion of brilliance {unknown}
 f - a potion of curing {unknown}


   Skills:
 * Level 2.1 Fighting
 + Level 2.3 Dodging
 + Level 3.2 Unarmed Combat
 + Level 2.2 Spellcasting
 + Level 2.3 Transmutations


You had 2 spell levels left.
You knew the following spells:

 Your Spells              Type           Power      Damage    Failure   Level
a - Beastly Appendage     Tmut           18%        N/A       8%          1
x - Spider Form           Tmut/Pois      2%         N/A       36%         3

Your spell library contained the following spells:

 Spells                   Type           Power      Damage    Failure   Level
 Wereblood                Tmut           9%         N/A       12%         2
 Ice Form                 Ice/Tmut       5%         N/A       77%         4


Dungeon Overview and Level Annotations

Branches:
Dungeon (2/15)

Altars:
Uskayaw


Innate Abilities, Weirdness & Mutations

You cannot wear most types of armour.
You are amphibious.
You can wear up to eight rings at the same time.
Your skin changes colour to match your surroundings (Stealth+).
Your rubbery body absorbs attacks. (AC +1, EV +1)
((You are camouflaged near water. (Stealth+)))
You have tentacles for arms and can constrict up to eight enemies at once.


Message History

No target in view!
Found an escape hatch in the ceiling.
A phantom comes into view.
Found 10 gold pieces.
Unknown command.
There is an escape hatch in the ceiling here.
Unknown command.
Unknown command.
Unknown command.
There is a stone staircase leading up here.
You climb upwards.
There is a stone staircase leading down here.
This spell is extremely dangerous to cast!
Memorise Spider Form, consuming 3 spell levels and leaving 2?
You start memorising the spell.
You continue memorising. x3
You finish memorising.
Spell assigned to 'x'.
The spell is extremely dangerous to cast (36% risk of failure)!
Continue anyway?
You turn into a venomous arachnid creature.
You climb downwards.
Your transformation is almost over.
There is a stone staircase leading up here.
You see here a +0 dagger.
The phantom misses you.
You see here a hobgoblin corpse.
You hit the phantom. The phantom closely misses you.
You closely miss the phantom. You hit the phantom but do no damage.
The phantom hits you.
The phantom blinks!
You blink.
You hit the phantom. The phantom closely misses you.
You closely miss the phantom. The phantom hits you.
The phantom blinks!
You blink.
You barely miss the phantom. The phantom closely misses you.
You closely miss the phantom.
Your transformation has ended.
The phantom hits you!
* * * LOW HITPOINT WARNING * * *
You stomp with the beat, sending a shockwave through the revellers around you!
You can no longer stomp with the beat.
The phantom hits you but does no damage.
You can now stomp with the beat.
You don't have enough magic at the moment.
You barely miss the phantom. The phantom barely misses you.
You tentacle-slap the phantom. The phantom hits you!
* * * LOW HITPOINT WARNING * * *
The phantom blinks!
You blink.
Unknown command.
You tentacle-slap the phantom. The phantom closely misses you.
Unknown command.
You closely miss the phantom. The phantom hits you.
You die...

#..# #..# #..# ##..###
...#########.§...## #
#.............#...####.#
..#.######..<..........#
....)..)......(#
######.†..W@..##
##.#.#...##
#####..#.##.##
.......<.###.#
.###.....# #.#
#..#W####.# ##.#.###.##
#...##.## #.#...##


You could see a phantom.

Vanquished Creatures
  A bat zombie (D:1)
  5 endoplasms (D:1)
  A giant cockroach (D:1)
  4 goblins
  4 hobgoblins
  4 jackals (D:1)
  3 kobolds (D:1)
  2 quokkas (D:1)
  3 ball pythons (D:1)
  A ball python zombie (D:1)
  4 bats (D:1)
  A frilled lizard (D:1)
  5 rats (D:1)
38 creatures vanquished.

Vanquished Creatures (others)
  3 plants (D:1)
3 creatures vanquished.

Grand Total: 41 creatures vanquished

Notes
Turn   | Place    | Note
-------+----------+-------------------------------------------
     0 | D:1      | Brandom the Octopode Transmuter began the quest for the
                  | Orb.
     0 | D:1      | Reached XP level 1. HP: 13/13 MP: 3/3
   211 | D:1      | Reached XP level 2. HP: 10/18 MP: 5/5
   826 | D:1      | Reached XP level 3. HP: 20/24 MP: 4/6
  1579 | D:1      | Found a faded altar of an unknown god.
  1589 | D:1      | Became a worshipper of Uskayaw the Reveller
  1589 | D:1      | Reached * piety under Uskayaw
  1921 | D:2      | Noticed a phantom
  1937 | D:1      | Learned a level 3 spell: Spider Form
  1951 | D:2      | HP: 1/24 [phantom (10)]
  1954 | D:2      | Slain by a phantom

Illustrated notes

Levels and vault maps discovered:
D:1:      saegor_arrival_fortress, layout_basic, chequers_ecumenical_altar_lobes
D:2:      cheibrodos_pilgrimage, layout_loops_ring

Skill      XL: |  1  2  3 |
---------------+----------+-----
Fighting       | 2 |  2.1
Dodging        | |  2.3
Unarmed Combat | |  3.2
Spellcasting   | |  2.2
Transmutations | |  2.3

Action                   || total
-------------------------++-------
Melee: Unarmed           ||   110
       Constrict         ||    22
       Tentacles         ||    19
       Kick              ||     1
       Punch             ||     1
 Cast: Beastly Appendage ||     1
       Spider Form       ||     1
Invok: Stomp             ||     1
 Stab: Sleeping          ||     3
Armor: Skin              ||     9
Dodge: Dodged            ||    58

Table legend: (Time is in decaauts)
 A = Elapsed time spent in this place.
 B = Non-inter-level travel time spent in this place.
 C = Inter-level travel time spent in this place.
 D = Time resting spent in this place.
 E = Time spent auto-exploring this place.
 F = Levels seen in this place.
 G = Mean time per level.
                   A        B        C        D        E       F      G
               +--------+--------+--------+--------+--------+-----+--------+
         Total |   1948 |   1934 |     14 |    104 |   1552 |   2 |  974.0 |
       Dungeon |   1948 |   1934 |     14 |    104 |   1552 |   2 |  974.0 |
               +--------+--------+--------+--------+--------+-----+--------+

Top non-repeatable levels by time:
     D:1: 1863 daAuts
     D:2: 84 daAuts
